 Dungeon Crawl Stone Soup version 0.21.1-1-g345015fe64 (webtiles) character file.

6411 4FPSwarrior the Grappler (level 10, -9/86 HPs)
             Began as a Ghoul Warper on Apr 12, 2018.
             Was a High Priest of Kikubaaqudgha.
             Mangled by a swamp worm (15 damage)
             ... on level 8 of the Dungeon.
             The game lasted 01:12:23 (10688 turns).

4FPSwarrior the Grappler (Ghoul Warper)            Turns: 10688, Time: 01:12:25

Health: -9/86      AC:  9    Str: 18      XL:     10   Next: 98%
Magic:  7/11       EV: 11    Int:  9      God:    Kikubaaqudgha [*****.]
Gold:   391        SH:  0    Dex:  8 (10) Spells: 5/12 levels left

rFire    . . .     SeeInvis .     - Unarmed
rCold    + . .     Gourm    .   (no shield)
rNeg     + + +     Faith    .   G - +1 ring mail of the Desert {Dex+2}
rPois    ∞         Spirit   .   i - +2 hat {MR+}
rElec    .         Reflect  .   M - +0 cloak
rCorr    .         Harm     .   (no gloves)
MR       +....                  (no boots)
Stlth    ..........             o - amulet of magic regeneration
HPRegen  0.00/turn              (no ring)
MPRegen  0.37/turn              (no ring)

@: very slightly contaminated, rotting
A: rotting body, claws 1, carnivore, cold resistance 1, negative energy
resistance 3, inhibited regeneration, torment resistance, unbreathing
a: Receive Corpses, Torment, Renounce Religion


You were on level 8 of the Dungeon.
You worshipped Kikubaaqudgha.
Kikubaaqudgha was extremely pleased with you.
You were not hungry.

You visited 2 branches of the dungeon, and saw 10 of its levels.
You also visited: Ossuary.

You collected 671 gold pieces.
You spent 280 gold pieces at shops.

Inventory:

Missiles
 c - 2 silver tomahawks
 d - 3 tomahawks of dispersal (quivered)
 K - a throwing net
Armour
 i - a +2 hat of magic resistance (worn)
 t - a +1 robe of magic resistance
 G - the +1 ring mail of the Desert (worn) {Dex+2}
   (You found it on level 6 of the Dungeon)

   It affects your dexterity (+2).
 M - a +0 cloak (worn)
Jewellery
 o - an amulet of magic regeneration (around neck)
 Q - an uncursed amulet of rage {unknown}
Wands
 r - a wand of disintegration (14)
 C - a wand of random effects (60)
 O - a wand of enslavement (9)
 R - a wand of polymorph (10)
Scrolls
 e - 7 scrolls of teleportation
 h - a scroll of identify
 j - 2 scrolls of amnesia
 k - 4 scrolls of remove curse
 l - a scroll of fog {unknown}
 n - a scroll of fear {unknown}
 q - a scroll of immolation
 s - 3 scrolls of enchant armour
 x - a scroll of enchant weapon {unknown}
 B - a scroll of blinking
 D - 4 scrolls of magic mapping
 N - 3 scrolls of torment {unknown}
Potions
 g - 2 potions of flight
 m - 5 potions of brilliance
 p - 6 potions of curing
 u - 3 potions of agility
 v - a potion of lignification {unknown}
 w - a potion of heal wounds {unknown}
 z - 3 potions of berserk rage
 A - 3 potions of might
 E - a potion of cancellation {unknown}
 F - 2 potions of haste
 H - a potion of mutation {unknown}
 J - a potion of magic {unknown}
Books
 a - Kikubaaqudgha's Collected Works on Black Arts
   (Kikubaaqudgha gifted it to you on level 6 of the Dungeon)

   Spells                             Type                      Level
   a - Animate Dead                   Necromancy                   4
   b - Excruciating Wounds            Charms/Necromancy            5
   c - Agony                          Necromancy                   5
   d - Dispel Undead                  Necromancy                   5
   e - Simulacrum                     Ice/Necromancy               6
 b - a book of Spatial Translocations

   Spells                             Type                      Level
   a - Blink                          Translocation                2
   b - Shroud of Golubria             Charms/Translocation         2
   c - Lesser Beckoning               Translocation                3
   d - Gell's Gravitas                Translocation                3
   e - Teleport Other                 Translocation                3
   f - Passage of Golubria            Translocation                4
 y - Kikubaaqudgha's Incunabulum of Unholy Secrets
   (Kikubaaqudgha gifted it to you on level 6 of the Dungeon)

   Spells                             Type                      Level
   a - Animate Skeleton               Necromancy                   1
   b - Pain                           Necromancy                   1
   c - Corpse Rot                     Necromancy                   2
   d - Vampiric Draining              Necromancy                   3
 L - a book of Flames

   Spells                             Type                      Level
   a - Flame Tongue                   Conjuration/Fire             1
   b - Throw Flame                    Conjuration/Fire             2
   c - Conjure Flame                  Conjuration/Fire             3
   d - Inner Flame                    Hexes/Fire                   3
   e - Sticky Flame                   Conjuration/Fire             4
   f - Fireball                       Conjuration/Fire             5
Miscellaneous
 P - a fan of gales
Comestibles
 f - 25 rations
 I - 8 chunks of flesh


   Skills:
 + Level 7.5 Fighting
 - Level 0.8 Throwing
 - Level 0.8 Armour
 - Level 1.7 Dodging
 + Level 12.7 Unarmed Combat
 - Level 1.7 Spellcasting
 * Level 7.7 Necromancy
 - Level 5.0 Translocations


You had 5 spell levels left.
You knew the following spells:

 Your Spells              Type           Power        Failure   Level  Hunger
a - Blink                 Tloc           N/A          12%         2    ###....
b - Pain                  Necr           ##..         2%          1    ##.....
c - Animate Skeleton      Necr           N/A          2%          1    ##.....
d - Vampiric Draining     Necr           ##........   8%          3    ####...


Dungeon Overview and Level Annotations

Branches:
Dungeon (9/15)             Temple (1/1) D:4            Lair (0/6) D:9
    Orc (0/2) D:9

Altars:
Ashenzari
Cheibriados
Dithmenos
Elyvilon
Fedhas
Gozag
Hepliaklqana
Kikubaaqudgha
Makhleb
Nemelex Xobeh
Okawaru
Qazlal
Ru
Sif Muna
Trog
Uskayaw
Vehumet
Wu Jian
Xom
Yredelemnul
Zin
The Shining One

Shops:
D:5 :   D:8 !

Annotations:
D:5 1 runed door


Innate Abilities, Weirdness & Mutations

Your body is rotting away.
You thrive on raw meat.
You are immune to poison.
You have sharp fingernails.
You are carnivorous and can eat meat at any time.
Your flesh is cold resistant. (rC+)
You are immune to negative energy. (rN+++)
You do not regenerate when monsters are visible.
You are immune to unholy pain and torment.
You can survive without breathing.


Message History

Eat one of 10 chunks of flesh? (ye/n/q)
You eat one of the 10 chunks of flesh.
This raw flesh tastes great!
Eat one of 9 chunks of flesh? (ye/n/q)
You eat one of the 9 chunks of flesh.
This raw flesh tastes great!
There is an escape hatch in the ceiling here.
The swamp worm bites you!!
* * * LOW HITPOINT WARNING * * *
A mysterious force pulls you upwards. The hatch slams shut behind you.
Casting: Blink
Confirm with . or Enter, or press ? or * to list all spells.
You blink.
Casting: Blink
Confirm with . or Enter, or press ? or * to list all spells.
You miscast Blink.
You are very lightly contaminated with residual magic.
Your skin tingles.
The swamp worm bites you.
* * * LOW HITPOINT WARNING * * *
The swamp worm bites you!
You die...
Kikubaaqudgha rasps: "You have failed me!
Welcome... oblivion!"

#.##.#..#....####.# ####..ZZ.....
####'####...Z##Z..###.....ZZZ....
.#......#...Z##.§.##....####.....
.#.....##....##...###.#.## #.....
.'.._..'.....#######..#Z.########
.#...........##### #####.Z..#####
##.....##........# ####..#...
.###...#.....#..## ##.Z)..
.###...##......w@## ###Z..
........)..[.#.#..# #...
...(.(.....###..#.# #...
...(###.#### ##.#.# ##.#
#.#.....# #...# #.# #...#####
##..#### ###.# ##..### #.....#
#...# #....## ##....# #####.###
#..#..# #....# #.....(..


You could see a swamp worm.

Vanquished Creatures
  A two-headed ogre (D:8)
  The ghost of Xenomina the Poker, a novice GnBe of Trog (D:7)
  A centaur skeleton (D:8)
  The ghost of Xenomina the Poker, an amateur MfBe of Trog (D:4)
  Grinder (D:3)
  A wyvern (D:9)
  A steam dragon (D:9)
  A human (D:7)
  A warg (D:9)
  A swamp worm (D:9)
  A water moccasin (D:7)
  Duvessa (D:7)
  2 ice beasts
  An orc warrior (D:9)
  2 phantoms
  2 sky beasts
  A necrophage (D:7)
  3 ogres
  A centaur (D:3)
  A crocodile (D:9)
  4 big kobolds
  9 bullfrogs
  3 water moccasin zombies (Ossuary)
  2 scorpions
  2 howler monkeys
  4 crimson imps
  A quasit (D:9)
  A centaur zombie (D:8)
  An orc priest (D:4)
  A bullfrog skeleton (D:4)
  A gnoll shaman (D:6)
  2 hounds
  A jelly (D:9)
  3 iguanas
  Natasha (thrice) (D:3)
  5 orc wizards
  7 worker ants
  2 big kobold zombies (Ossuary)
  A hound zombie (D:6)
  3 mummies
  A worker ant zombie (D:6)
  2 howler monkey zombies
  9 gnolls
  7 adders
  A shadow imp (D:8)
  An ooze (D:6)
  4 adder zombies
  An adder skeleton (D:6)
  5 worms
  2 dart slugs (D:1)
  5 leopard geckos
  25 orcs
  9 bats
  5 giant cockroaches
  3 gnoll zombies (Ossuary)
  11 goblins
  11 hobgoblins
  14 jackals
  10 quokkas
  3 frilled lizards
  A goblin zombie (D:8)
  3 hobgoblin zombies
  39 kobolds
  9 kobold zombies
  A leopard gecko skeleton (D:8)
  5 orc zombies
  11 rats
  5 plants (D:4)
284 creatures vanquished.

Vanquished Creatures (collateral kills)
  A wyvern (D:9)
  A centaur (D:9)
  A bullfrog (D:6)
  Dowan (D:7)
  A howler monkey (D:6)
  2 orc wizards (D:8)
  An iron imp (D:8)
  A killer bee zombie (D:8)
  2 gnolls (D:6)
  A shadow imp (D:8)
  6 orcs
  A jackal (D:7)
  A quokka (D:6)
  A goblin skeleton (D:8)
  A goblin zombie (D:8)
  A hobgoblin zombie (D:8)
  A kobold skeleton (D:8)
  An orc zombie (D:8)
25 creatures vanquished.

Vanquished Creatures (others)
  An iguana (D:6)
  3 plants (D:9)
4 creatures vanquished.

Grand Total: 313 creatures vanquished

Notes
Turn   | Place    | Note
-------+----------+-------------------------------------------
     0 | D:1      | 4FPSwarrior the Ghoul Warper began the quest for the Orb.
     0 | D:1      | Reached XP level 1. HP: 17/17 MP: 2/2
   108 | D:1      | Reached XP level 2. HP: 24/24 MP: 3/3
   138 | D:1      | Reached skill level 3 in Unarmed Combat
   290 | D:1      | Reached XP level 3. HP: 27/29 MP: 4/4
   457 | D:1      | Reached skill level 4 in Unarmed Combat
   963 | D:2      | Found a stormy altar of Qazlal.
  1090 | D:2      | Reached XP level 4. HP: 32/36 MP: 5/5
  1736 | D:3      | Noticed Grinder
  1806 | D:3      | Reached skill level 5 in Unarmed Combat
  1953 | D:3      | Reached XP level 5. HP: 31/41 MP: 6/6
  2069 | D:3      | Noticed a centaur
  2077 | D:3      | Killed a centaur
  2077 | D:3      | Reached skill level 6 in Unarmed Combat
  2079 | D:3      | Paralysed by Grinder for 4 turns
  2351 | D:4      | Learned a level 2 spell: Blink
  2384 | D:4      | Reached XP level 6. HP: 17/48 MP: 7/7
  2492 | D:5      | Entered Level 5 of the Dungeon
  2582 | D:3      | Found a sparkling altar of Nemelex Xobeh.
  2706 | D:3      | Killed Grinder
  2706 | D:3      | Reached skill level 7 in Unarmed Combat
  2706 | D:3      | Reached XP level 7. HP: 55/55 MP: 8/8
  2753 | D:3      | Found a burning altar of Makhleb.
  2754 | D:3      | Noticed Natasha
  2767 | D:3      | Killed Natasha
  2822 | D:3      | Noticed Natasha
  2832 | D:3      | Killed Natasha
  3022 | D:3      | Noticed Natasha
  3030 | D:3      | Killed Natasha
  3030 | D:3      | Reached skill level 8 in Unarmed Combat
  3232 | D:4      | Found a staircase to the Ecumenical Temple.
  3239 | Temple   | Entered the Ecumenical Temple
  3374 | Temple   | Became a worshipper of Kikubaaqudgha
  3567 | D:4      | Noticed Xenomina's ghost (amateur MfBe)
  3945 | D:4      | Killed Xenomina's ghost
  3945 | D:4      | Reached skill level 9 in Unarmed Combat
  3945 | D:4      | Reached XP level 8. HP: 13/61 MP: 9/9
  4672 | D:5      | Reached skill level 5 in Translocations
  5002 | D:5      | Found a runed door.
  5055 | D:5      | Found Kyosifulau's Book Shop.
  5128 | D:5      | Found a snail-covered altar of Cheibriados.
  5130 | D:5      | Found an ornate altar of the Wu Jian Council.
  5390 | D:6      | Reached * piety under Kikubaaqudgha
  5390 | D:6      | Identified Kikubaaqudgha's Incunabulum of Unholy Secrets (Kikubaaqudgha gifted it to you on level 6 of the Dungeon)
  5390 | D:6      | Received a gift from Kikubaaqudgha
  5660 | D:6      | HP: 3/61 [bullfrog (4)]
  5674 | D:5      | Reached skill level 1 in Necromancy
  6050 | D:7      | Reached skill level 10 in Unarmed Combat
  6144 | D:7      | Found a sand-covered staircase.
  6156 | Ossuary  | Entered an ossuary
  6304 | Ossuary  | Reached XP level 9. HP: 59/67 MP: 10/10
  6326 | Ossuary  | Reached ** piety under Kikubaaqudgha
  6747 | D:7      | Learned a level 1 spell: Pain
  6749 | D:7      | Learned a level 1 spell: Animate Skeleton
  6854 | D:7      | Found a runed door.
  6855 | D:7      | Found a basalt altar of Yredelemnul.
  6878 | D:7      | Reached skill level 11 in Unarmed Combat
  7145 | D:7      | Found a sacrificial altar of Ru.
  7166 | D:7      | Noticed Duvessa
  7166 | D:7      | Noticed Dowan
  7176 | D:7      | Killed Duvessa
  7178 | D:7      | Killed Dowan
  7301 | D:6      | Got a scorched ring mail
  7331 | D:6      | Identified the cursed +1 ring mail of the Desert {Dex+2} (You found it on level 6 of the Dungeon)
  7548 | D:6      | Reached *** piety under Kikubaaqudgha
  7548 | D:6      | Identified Kikubaaqudgha's Collected Works on Black Arts (Kikubaaqudgha gifted it to you on level 6 of the Dungeon)
  7548 | D:6      | Received a gift from Kikubaaqudgha
  7549 | D:6      | Found a hide-covered altar of Uskayaw.
  7795 | D:6      | Reached skill level 5 in Necromancy
  8342 | D:7      | Noticed Xenomina's ghost (novice GnBe)
  8436 | D:7      | Killed Xenomina's ghost
  8436 | D:7      | Reached skill level 5 in Fighting
  8436 | D:7      | Reached XP level 10. HP: 35/82 MP: 11/11
  9033 | D:8      | Noticed a two-headed ogre
  9033 | D:8      | Noticed a two-headed ogre
  9263 | D:8      | Reached skill level 12 in Unarmed Combat
  9303 | D:8      | Learned a level 3 spell: Vampiric Draining
  9341 | D:8      | Killed a two-headed ogre
  9376 | D:8      | Found a glowing golden altar of the Shining One.
  9402 | D:8      | Reached **** piety under Kikubaaqudgha
  9823 | D:8      | Found Bethoaga's Distillery.
  9826 | D:8      | Bought a potion of curing for 42 gold pieces
  9826 | D:8      | Bought a potion of might for 56 gold pieces
  9826 | D:8      | Bought a potion of haste for 140 gold pieces
  9826 | D:8      | Bought a potion of curing for 42 gold pieces
 10204 | D:9      | Found a staircase to the Lair.
 10458 | D:9      | Found a staircase to the Orcish Mines.
 10614 | D:9      | Reached ***** piety under Kikubaaqudgha
 10648 | D:9      | HP: 2/86 [swamp worm (21)]
 10688 | D:8      | Mangled by a swamp worm

Skill      XL: |  1  2  3  4  5  6  7  8  9 10 |
---------------+-------------------------------+-----
Unarmed Combat | 3 4 5 6 7 9 10 11 12 | 12.7
Translocations | 3 4 5 |  5.0
Necromancy     | 2 5 7 |  7.7
Fighting       | 5 7 |  7.5
Throwing       | |  0.8
Armour         | |  0.8
Dodging        | |  1.7
Spellcasting   | |  1.7

Action                   |  1- 3 |  4- 6 |  7- 9 | 10-12 || total
-------------------------+-------+-------+-------+-------++-------
Melee: Unarmed           |   143 |   165 |   612 |   216 ||  1136
       Punch             |     2 |     5 |    21 |     7 ||    35
Throw: Tomahawk          |       |       |     2 |       ||     2
 Cast: Blink             |       |       |     1 |     5 ||     6
       Animate Skeleton  |       |       |    17 |    30 ||    47
       Pain              |       |       |    13 |     8 ||    21
       Vampiric Draining |       |       |       |     8 ||     8
  Use: Scroll            |       |     2 |    13 |     2 ||    17
       Potion            |       |       |     4 |       ||     4
  Eat: Chunk             |    14 |    17 |    34 |    31 ||    96
Armor: Leather armour    |    43 |     9 |       |       ||    52
       Ring mail         |       |    47 |    52 |    67 ||   166
       Scale mail        |       |    25 |   122 |       ||   147
Dodge: Dodged            |    78 |   109 |   174 |   105 ||   466
